NCAA
KANSAS STATE WILDCATS @ TEXAS A&M AGGIES
05/13/2028
 
TOP OF THE 1ST
Kansas State Wildcats batting - Pitching for Texas A&M Aggies : RHP Josh Ewing
Pitching: RHP Josh Ewing
Batting: SHB Joaquín Mercado 0-0: Ball
1-0: Ball
2-0: Swinging Strike
2-1: Ground out 1-3 (Groundball, P)
Batting: RHB Vincent Abrams 0-0: Called Strike
0-1: Swinging Strike
0-2: Ball
1-2: Ball
2-2: Ball
3-2: Fly out, F8 (Flyball, 8LS)
Batting: RHB Armando García 0-0: Called Strike
0-1: Ball
1-1: Called Strike
1-2: Ball
2-2: Fly out, F5 (Line Drive, 56)
Top of the 1st over - 0 run(s), 0 hit(s), 0 error(s), 0 left on base; Kansas State 0 - Texas A&M 0
BOTTOM OF THE 1ST
Texas A&M Aggies batting - Pitching for Kansas State Wildcats : LHP Ken Noble
Pitching: LHP Ken Noble
Batting: RHB Irwin Robinson 0-0: Called Strike
0-1: Ball
1-1: Ball
2-1: Ball
3-1: Base on Balls
Batting: RHB Júlio Hobbs 0-0: Ball
Irwin Robinson is caught stealing 2nd base
1-0: Called Strike
1-1: Fly out, F8 (Flyball, 8LM)
Batting: LHB Edward Bennett 0-0: Swinging Strike
0-1: Swinging Strike
0-2: Ball
1-2: Ball
2-2: Ball
3-2: Foul Ball, location: 2F
3-2: Strikes out swinging
Bottom of the 1st over - 0 run(s), 0 hit(s), 0 error(s), 0 left on base; Kansas State 0 - Texas A&M 0
TOP OF THE 2ND
Kansas State Wildcats batting - Pitching for Texas A&M Aggies : RHP Josh Ewing
Batting: RHB Jeff Moore 0-0: Called Strike
0-1: Ball
1-1: Fly out, F7 (Flyball, 7)
Batting: RHB Jody Stewart 0-0: Swinging Strike
0-1: Ball
1-1: Foul Ball, location: 2F
1-2: Ball
2-2: Foul Ball, location: 2F
2-2: Ball
3-2: Fly out, F2 (Popup, 56S)
Batting: RHB Steve Davenport 0-0: Hit by Pitch
Batting: RHB Shawn López 0-0: Ball
1-0: Ball
2-0: Ball
3-0: Called Strike
3-1: Fly out, F9 (Flyball, 9)
Top of the 2nd over - 0 run(s), 0 hit(s), 0 error(s), 1 left on base; Kansas State 0 - Texas A&M 0
BOTTOM OF THE 2ND
Texas A&M Aggies batting - Pitching for Kansas State Wildcats : LHP Ken Noble
Batting: RHB William Dyer 0-0: Swinging Strike
0-1: Ball
1-1: Fly out, F7 (Line Drive, 7)
Batting: RHB Jason Lawson 0-0: Ball
1-0: Foul Ball, location: 2F
1-1: Fly out, F8 (Flyball, 78M)
Batting: RHB Anthony Graham 0-0: Ball
1-0: SOLO HOME RUN (Flyball, 78XD), Distance : 391 ft
Batting: RHB Daniel Pineda 0-0: Swinging Strike
0-1: Swinging Strike
0-2: Strikes out swinging
Bottom of the 2nd over - 1 run(s), 1 hit(s), 0 error(s), 0 left on base; Kansas State 0 - Texas A&M 1
TOP OF THE 3RD
Kansas State Wildcats batting - Pitching for Texas A&M Aggies : RHP Josh Ewing
Batting: RHB Bob Vaughn 0-0: Ball
1-0: Foul Ball, location: 2F
1-1: Swinging Strike
1-2: Foul Ball, location: 2F
1-2: Strikes out looking
Batting: RHB Enrique Navarro 0-0: Ball
1-0: Foul Ball, location: 2F
1-1: Swinging Strike
1-2: Ground out 1-3 (Groundball, 13)
Batting: SHB Joaquín Mercado 0-0: Ball
1-0: Ball
2-0: Foul Ball, location: 2F
2-1: Swinging Strike
2-2: Strikes out swinging
Top of the 3rd over - 0 run(s), 0 hit(s), 0 error(s), 0 left on base; Kansas State 0 - Texas A&M 1
BOTTOM OF THE 3RD
Texas A&M Aggies batting - Pitching for Kansas State Wildcats : LHP Ken Noble
Batting: RHB Jack Gillespie 0-0: Foul Ball, location: 2F
0-1: Fly out, F8 (Flyball, 8LM)
Batting: RHB Mike Tate 0-0: Ground out 6-3 (Groundball, 56)
Batting: RHB Irwin Robinson 0-0: Ball
1-0: Called Strike
1-1: Foul Ball, location: 2F
1-2: Ball
2-2: Foul Ball, location: 2F
2-2: Ball
3-2: Base on Balls
Batting: RHB Júlio Hobbs 0-0: Foul Ball, location: 2F
0-1: Foul Ball, location: 2F
0-2: Strikes out looking
Bottom of the 3rd over - 0 run(s), 0 hit(s), 0 error(s), 1 left on base; Kansas State 0 - Texas A&M 1
TOP OF THE 4TH
Kansas State Wildcats batting - Pitching for Texas A&M Aggies : RHP Josh Ewing
Batting: RHB Vincent Abrams 0-0: Ground out 6-3 (Groundball, 6S)
Batting: RHB Armando García 0-0: Ball
1-0: Swinging Strike
1-1: Foul Ball, location: 2F
1-2: Fly out, F7 (Flyball, 78D)
Batting: RHB Jeff Moore 0-0: Ball
1-0: Foul Ball, location: 2F
1-1: Foul Ball, location: 2F
1-2: Foul Ball, location: 2F
1-2: Ball
2-2: Ball
3-2: Ground out 6-3 (Groundball, 6)
Top of the 4th over - 0 run(s), 0 hit(s), 0 error(s), 0 left on base; Kansas State 0 - Texas A&M 1
BOTTOM OF THE 4TH
Texas A&M Aggies batting - Pitching for Kansas State Wildcats : LHP Ken Noble
Batting: LHB Edward Bennett 0-0: Called Strike
0-1: Ball
1-1: Ball
2-1: Foul Ball, location: 2F
2-2: Ball
3-2: Foul Ball, location: 2F
3-2: Fly out, F4 (Popup, 34)
Batting: RHB William Dyer 0-0: Ground out 4-3 (Groundball, 4)
Batting: RHB Jason Lawson 0-0: Ball
1-0: Swinging Strike
1-1: Fly out, F2 (Popup, 23)
Bottom of the 4th over - 0 run(s), 0 hit(s), 0 error(s), 0 left on base; Kansas State 0 - Texas A&M 1
TOP OF THE 5TH
Kansas State Wildcats batting - Pitching for Texas A&M Aggies : RHP Josh Ewing
Batting: RHB Jody Stewart 0-0: Ground out 6-3 (Groundball, 6)
Batting: RHB Steve Davenport 0-0: Fly out, F9 (Flyball, 89S)
Batting: RHB Shawn López 0-0: Ball
1-0: Swinging Strike
1-1: Called Strike
1-2: Foul Ball, location: 2F
1-2: Foul Ball, location: 2F
1-2: Strikes out swinging
Top of the 5th over - 0 run(s), 0 hit(s), 0 error(s), 0 left on base; Kansas State 0 - Texas A&M 1
BOTTOM OF THE 5TH
Texas A&M Aggies batting - Pitching for Kansas State Wildcats : LHP Ken Noble
Batting: RHB Anthony Graham 0-0: Fly out, F8 (Flyball, 8RM)
Batting: RHB Daniel Pineda 0-0: Fly out, F4 (Line Drive, 4D)
Batting: RHB Jack Gillespie 0-0: Ball
1-0: Foul Ball, location: 2F
1-1: Ball
2-1: Ground out 5-3 (Groundball, 56S)
Bottom of the 5th over - 0 run(s), 0 hit(s), 0 error(s), 0 left on base; Kansas State 0 - Texas A&M 1
TOP OF THE 6TH
Kansas State Wildcats batting - Pitching for Texas A&M Aggies : RHP Josh Ewing
Batting: RHB Bob Vaughn 0-0: Ball
1-0: Called Strike
1-1: Foul Ball, location: 2F
1-2: Strikes out looking
Batting: RHB Enrique Navarro 0-0: Called Strike
0-1: Ball
1-1: Ball
2-1: Ball
3-1: Base on Balls
Batting: SHB Joaquín Mercado 0-0: Ball
1-0: Swinging Strike
1-1: Foul Ball, location: 2F
1-2: Strikes out swinging
Batting: RHB Vincent Abrams 0-0: Fly out, F8 (Flyball, 8LS)
Top of the 6th over - 0 run(s), 0 hit(s), 0 error(s), 1 left on base; Kansas State 0 - Texas A&M 1
BOTTOM OF THE 6TH
Texas A&M Aggies batting - Pitching for Kansas State Wildcats : LHP Ken Noble
Batting: RHB Mike Tate 0-0: Ball
1-0: Foul Ball, location: 2F
1-1: Ball
2-1: Called Strike
2-2: SINGLE (Flyball, 78S)
Batting: RHB Irwin Robinson 0-0: 2-RUN HOME RUN (Flyball, 89XD), Distance : 371 ft
Batting: RHB Júlio Hobbs 0-0: SINGLE (Groundball, 56D)
Batting: LHB Edward Bennett 0-0: Called Strike
0-1: Ball
1-1: 2-RUN HOME RUN (Flyball, 89XD), Distance : 386 ft
Pitching: RHP Darrel McAllister
Batting: RHB William Dyer 0-0: Called Strike
0-1: SINGLE (Line Drive, 9S)
Batting: RHB Jason Lawson 0-0: Ball
1-0: Ball
Wild Pitch!
William Dyer to second
2-0: Swinging Strike
2-1: 2-RUN HOME RUN (Flyball, 7D), Distance : 361 ft
Batting: RHB Anthony Graham 0-0: Ball
1-0: Called Strike
1-1: Ball
2-1: Ball
3-1: Base on Balls
Batting: RHB Daniel Pineda 0-0: Called Strike
0-1: Foul Ball, location: 2F
0-2: Ball
1-2: Ball
2-2: Ground out 3-1 (Groundball, 34S)
Anthony Graham to second
Batting: RHB Jack Gillespie 0-0: Called Strike
0-1: Ball
1-1: Swinging Strike
1-2: Foul Ball, location: 2F
1-2: Strikes out looking
Batting: RHB Mike Tate 0-0: Ball
1-0: Ground out 5-3 (Groundball, 56)
Bottom of the 6th over - 6 run(s), 6 hit(s), 0 error(s), 1 left on base; Kansas State 0 - Texas A&M 7
TOP OF THE 7TH
Kansas State Wildcats batting - Pitching for Texas A&M Aggies : RHP Josh Ewing
Batting: RHB Armando García 0-0: Called Strike
0-1: Called Strike
0-2: Ground out 1-3 (Groundball, P)
Batting: RHB Jeff Moore 0-0: Called Strike
0-1: Foul Ball, location: 2F
0-2: Ball
1-2: Ball
2-2: Foul Ball, location: 2F
2-2: Strikes out swinging
Batting: RHB Jody Stewart 0-0: Ball
1-0: Ball
2-0: Called Strike
2-1: Swinging Strike
2-2: Foul Ball, location: 2F
2-2: Strikes out swinging
Top of the 7th over - 0 run(s), 0 hit(s), 0 error(s), 0 left on base; Kansas State 0 - Texas A&M 7
BOTTOM OF THE 7TH
Texas A&M Aggies batting - Pitching for Kansas State Wildcats : RHP Darrel McAllister
Batting: RHB Irwin Robinson 0-0: SINGLE (Flyball, 9S)
Batting: RHB Júlio Hobbs 0-0: Called Strike
0-1: Grounds into double play, 5-4-3 (Groundball, 5)
Batting: LHB Edward Bennett 0-0: Ball
1-0: Called Strike
1-1: Ball
2-1: SINGLE (Groundball, 34D)
Batting: RHB William Dyer 0-0: Called Strike
0-1: Ball
1-1: Called Strike
1-2: Foul Ball, location: 2F
1-2: Foul Ball, location: 2F
1-2: Ball
2-2: Fly out, F6 (Line Drive, 6)
Bottom of the 7th over - 0 run(s), 2 hit(s), 0 error(s), 1 left on base; Kansas State 0 - Texas A&M 7
TOP OF THE 8TH
Kansas State Wildcats batting - Pitching for Texas A&M Aggies : RHP Josh Ewing
Batting: RHB Steve Davenport 0-0: Ball
1-0: Ground out 6-3 (Groundball, 56)
Batting: RHB Shawn López 0-0: Foul Ball, location: 2F
0-1: Ball
1-1: Ball
2-1: Ground out 5-3 (Groundball, 56)
Batting: RHB Bob Vaughn 0-0: Ball
1-0: Swinging Strike
1-1: Swinging Strike
1-2: Ground out 6-3 (Groundball, 6)
Top of the 8th over - 0 run(s), 0 hit(s), 0 error(s), 0 left on base; Kansas State 0 - Texas A&M 7
BOTTOM OF THE 8TH
Texas A&M Aggies batting - Pitching for Kansas State Wildcats : RHP Darrel McAllister
Batting: RHB Jason Lawson 0-0: Ball
1-0: Called Strike
1-1: Ball
2-1: Hit by Pitch
Batting: RHB Anthony Graham 0-0: Ball
1-0: Ball
2-0: 2-RUN HOME RUN (Flyball, 7D), Distance : 353 ft
Pitching: RHP Billy Cole
Batting: RHB Daniel Pineda 0-0: Ball
1-0: Ground out 1-3 (Groundball, 15S)
Batting: RHB Jack Gillespie 0-0: Foul Ball, location: 2F
0-1: Swinging Strike
0-2: SOLO HOME RUN (Flyball, 9D), Distance : 344 ft
Batting: RHB Mike Tate 0-0: Reached on error, E5 (Groundball, 56)
Batting: RHB Irwin Robinson 0-0: Swinging Strike
0-1: Ball
1-1: Ball
2-1: Foul Ball, location: 2F
2-2: SINGLE (Groundball, 6M) (infield hit)
Mike Tate to third
Batting: RHB Júlio Hobbs 0-0: Ball
1-0: Ball
2-0: Called Strike
2-1: Ball
3-1: Foul Ball, location: 2F
3-2: SINGLE (Groundball, 6MD)
Mike Tate scores
Irwin Robinson to second
Batting: LHB Edward Bennett 0-0: Fielders Choice at 2nd, 4-6 (Groundball, 4)
Irwin Robinson to third
Batting: RHB William Dyer 0-0: Ball
1-0: Ball
2-0: Foul Ball, location: 2F
2-1: Foul Ball, location: 2F
2-2: Ball
3-2: Base on Balls
Edward Bennett to second
Batting: RHB Jason Lawson 0-0: Foul Ball, location: 2F
0-1: Ball
1-1: Swinging Strike
1-2: Ball
2-2: Reached on error, E6 (Groundball, 6M)
Irwin Robinson scores
Edward Bennett to third
William Dyer to second
Pitching: LHP Larry McGraw
Batting: RHB Anthony Graham 0-0: Ball
1-0: Ball
2-0: Foul Ball, location: 2F
2-1: Ball
3-1: Foul Ball, location: 2F
3-2: Base on Balls
Edward Bennett scores
William Dyer to third
Jason Lawson to second
Batting: RHB Daniel Pineda 0-0: Fly out, F8 (Flyball, 8LM)
Bottom of the 8th over - 6 run(s), 4 hit(s), 2 error(s), 3 left on base; Kansas State 0 - Texas A&M 13
TOP OF THE 9TH
Kansas State Wildcats batting - Pitching for Texas A&M Aggies : RHP Josh Ewing
Batting: RHB Enrique Navarro 0-0: Fly out, F7 (Flyball, 7S)
Batting: SHB Joaquín Mercado 0-0: Foul Ball, location: 2F
0-1: Ground out 4-3 (Groundball, 4S)
Batting: RHB Vincent Abrams 0-0: Ball
1-0: Swinging Strike
1-1: Ball
2-1: Ball
3-1: Base on Balls
Batting: RHB Armando García 0-0: Ball
1-0: Foul Ball, location: 2F
1-1: Called Strike
1-2: Foul Ball, location: 2F
1-2: Ball
2-2: Foul Ball, location: 2F
2-2: Ball
3-2: Strikes out swinging
Top of the 9th over - 0 run(s), 0 hit(s), 0 error(s), 1 left on base; Kansas State 0 - Texas A&M 13
Tuesday, August 8th, 2017 - OOTP Baseball 17.12 Build 75